Map: Ulzaan

Players

OpuS - Winner!

  • Race: Protoss Protoss
  • League: Platinum
  • Spawn Location: 11:00

Sketchaphone - Winner!

  • Race: Zerg Zerg
  • League: Platinum
  • Spawn Location: 9:00

Juanette

  • Race: Terran Terran
  • League: Platinum
  • Spawn Location: 3:00

Sylar

  • Race: Terran Terran
  • League: Diamond
  • Spawn Location: 1:00

VOD

Have the link to the VOD?

Description

Time

  • Played on: Feb. 18, 2019, 9:16 p.m.
  • Length: 20:28
Show
View Real Time Build Order
Export as new Build Order

OpuS Protoss - Winner!

Build Orders:  

Get SALT Encoding   

  12  0:01  Probe  
  13  0:13  Probe  
  14  0:18  Pylon  
  14  0:25  Probe  
  15  0:37  Probe  
  15  0:39  Gateway  
  16  0:52  Probe  
  16  0:53  Assimilator  
  16  0:55  Assimilator  
  17  1:00  Probe  
  18  1:10  Probe  
  19  1:23  Probe  
  20  1:30  Gateway  
  20  1:33  Cybernetics Core  
  20  1:35  Probe  
  20  1:37  Pylon  
  21  1:46  Probe  
  22  1:54  Probe  
  23  2:02  Probe  
  24  2:11  Warp Gate  
  24  2:13  Stalker  
  26  2:16  Stalker  
  26  2:18  Probe  
  26  2:21  Pylon  
  29  2:30  Probe  
  29  2:34  Robotics Facility  
  30  2:42  Probe  
  31  2:51  Stalker x2  
  35  3:16  Nexus  
  35  3:23  Pylon  
  35  3:31  Observer  
  36  3:39  Probe  
  37  3:46  Twilight Council  
  37  3:49  Gateway  
  37  4:01  Immortal  
  41  4:04  Probe  
  42  4:13  Gateway  
  40  4:42  Probe x2  
  40  4:45  Stargate  
  40  4:48  Stargate  
  38  4:54  Probe x2  
  40  5:06  Probe x2  
  42  5:18  Probe x2  
  42  5:23  Void Ray x2  
  42  5:30  Probe x2  
  52  5:39  Pylon  
  52  5:41  Assimilator  
  52  5:42  Probe x2  
  54  5:45  Pylon, Assimilator  
  54  5:54  Probe x2  
  54  5:56  Void Ray  
  53  6:06  Probe  
  53  6:10  Stalker x2  
  60  6:23  Probe x2  
  58  6:35  Probe  
  58  6:39  Probe  
  60  6:47  Probe  
  60  6:51  Probe, Void Ray  
  66  6:59  Probe  
  67  7:03  Pylon, Probe  
  68  7:12  Void Ray  
  60  7:25  Stalker x3, Pylon x2  
  60  7:27  Stalker  
  60  7:28  Pylon  
  68  7:39  Void Ray  
  68  7:48  Void Ray  
  68  7:51  Zealot x4  
  84  8:02  Gateway  
  84  8:11  Gateway  
  84  8:13  Void Ray  
  84  8:15  Stalker  
  84  8:16  Stalker  
  88  8:23  Blink  
  92  8:28  Zealot  
  94  8:35  Stalker  
  94  8:40  Pylon  
  96  8:44  Pylon  
  96  8:51  Void Ray  
  99  9:06  Nexus  
  99  9:08  Pylon  
  58  9:52  Probe  
  58  9:53  Stalker x2, Probe  
  58  9:54  Stalker x4  
  58  9:55  Void Ray  
  58  9:59  Void Ray  
  75  10:05  Probe  
  76  10:12  Observer  
  71  10:16  Probe  
  71  10:17  Probe  
  71  10:18  Probe  
  74  10:25  Gateway  
  74  10:28  Probe, Gateway  
  74  10:29  Probe  
  74  10:30  Probe  
  74  10:32  Pylon  
  74  10:34  Observer  
  78  10:42  Pylon  
  78  10:46  Void Ray  
  78  10:49  Void Ray  
  86  10:55  Observer  
  87  10:58  Zealot  
  87  10:59  Zealot x2  
  87  11:03  Probe x2  
  87  11:04  Probe  
  96  11:08  Gateway  
  96  11:15  Probe  
  96  11:16  Probe x2  
  99  11:20  Templar Archives  
  99  11:28  Void Ray  
  103  11:33  Probe x3  
  103  11:36  Assimilator  
  106  11:41  Assimilator  
  106  11:44  Gateway  
  106  11:45  Probe  
  107  11:48  Gateway  
  107  11:50  Probe x2  
  107  11:51  Gateway  
  109  11:57  Probe  
  110  12:06  Stalker  
  110  12:07  Stalker x2  
  110  12:08  Stalker x2  
  118  12:10  Stalker  
  122  12:16  Stalker  
  122  12:17  Stalker  
  122  12:19  Charge  
  126  12:23  Stalker  
  128  12:36  Psionic Storm  
  80  13:17  Void Ray x2  
  80  13:22  Stargate  
  80  13:24  Stargate  
  78  13:28  Protoss Air Weapons Level 1  
  78  13:40  Observer  
  79  13:50  Zealot x3  
  79  13:51  Zealot x3  
  79  13:52  Zealot  
  79  13:53  Zealot x2  
  79  13:54  Zealot x3  
  103  14:01  Observer  
  103  14:02  Void Ray x2  
  112  14:07  Void Ray  
  112  14:08  Void Ray  
  120  14:23  Observer  
  119  14:29  Nexus  
  116  14:34  Probe x3  
  112  14:44  Void Ray x2  
  117  14:46  Probe x3  
  117  14:47  Void Ray  
  124  14:59  Pylon, Void Ray  
  124  15:02  Assimilator  
  124  15:07  Assimilator  
  120  15:20  Void Ray x2  
  120  15:28  Observer  
  121  15:35  Void Ray  
  129  15:43  Probe x2  
  129  15:49  Probe x2  
  86  16:12  High Templar x3  
  86  16:13  High Templar x2  
  86  16:14  High Templar  
  86  16:16  High Templar  
  98  16:20  Archon  
  98  16:21  Archon x2  
  98  16:36  High Templar, Zealot  
  98  16:37  Zealot x3  
  104  16:43  Archon  
  104  16:45  Probe x2  
  104  16:46  Zealot, Probe x2  
  104  16:47  Zealot x4  
  112  16:48  Zealot  
  120  16:57  Observer  
  121  17:08  Zealot x2  
  121  17:09  Zealot x3  
  121  17:10  Zealot  
  121  17:11  Zealot x2  
  121  17:12  Zealot x2  
  121  17:13  Zealot  
  143  17:15  Zealot  
  143  17:19  Observer  
  146  17:40  Void Ray  
  146  17:41  Void Ray x2  
  142  17:54  Stargate  
  142  18:10  Void Ray  
  124  18:27  Void Ray x2  
  122  18:36  Void Ray  
  114  18:53  Void Ray  
  117  19:10  Observer  
  117  19:17  Void Ray  
  121  19:29  Nexus  
  122  19:31  Zealot, Observer, Assimilator  
  122  19:32  Zealot x4  
  122  19:33  Zealot x2, Assimilator  
  122  19:34  Zealot x4  
  122  19:36  Pylon, Zealot  
  146  19:39  Pylon  
  146  19:41  Pylon  
  146  19:50  Fleet Beacon  
  147  19:52  Observer  
Show
View Real Time Build Order
Export as new Build Order

Sketchaphone Zerg - Winner!

Build Orders: Hatch First, Lurkers 

Get SALT Encoding   

  12  0:01  Drone  
  13  0:12  Overlord  
  13  0:18  Drone  
  14  0:22  Extractor  
  14  0:24  Drone  
  15  0:32  Drone  
  15  0:34  Drone  
  17  0:58  Hatchery  
  17  1:01  Drone  
  17  1:03  Drone  
  18  1:06  Extractor  
  17  1:20  Spawning Pool  
  17  1:22  Drone  
  17  1:23  Drone  
  18  1:36  Drone  
  18  1:38  Overlord  
  19  1:53  Drone  
  20  2:00  Drone  
  21  2:06  Metabolic Boost  
  21  2:07  Queen  
  23  2:09  Queen  
  23  2:12  Drone  
  26  2:16  Zergling x2  
  26  2:21  Drone  
  28  2:35  Roach Warren  
  27  2:40  Drone x2  
  27  2:41  Drone  
  30  2:48  Zergling x2  
  31  2:53  Overlord  
  31  3:03  Overlord, Drone  
  32  3:15  Roach x2  
  32  3:18  Overlord  
  32  3:19  Roach  
  38  3:21  Roach  
  38  3:23  Roach  
  42  3:31  Roach x2  
  46  3:36  Roach  
  46  3:41  Overlord  
  48  3:46  Roach  
  50  3:53  Overlord  
  50  3:56  Drone x2  
  50  4:00  Drone  
  50  4:01  Drone  
  54  4:04  Drone  
  55  4:14  Drone  
  55  4:15  Overlord  
  56  4:20  Drone  
  56  4:22  Lair  
  57  4:24  Extractor  
  56  4:47  Zergling x22  
  43  5:36  Drone  
  43  5:37  Drone x6  
  43  5:38  Evolution Chamber  
  43  5:39  Evolution Chamber  
  48  5:56  Drone  
  49  6:05  Glial Reconstitution  
  49  6:07  Zerg Ground Armor Level 1  
  49  6:08  Zerg Missile Weapons Level 1  
  49  6:09  Hydralisk Den  
  45  6:13  Hatchery  
  44  6:21  Drone x11, Extractor  
  44  6:24  Extractor  
  53  6:44  Drone x9  
  62  6:47  Hatchery  
  61  6:57  Spire  
  62  7:01  Roach  
  62  7:02  Roach x2  
  66  7:08  Grooved Spines  
  66  7:09  Roach  
  66  7:11  Roach  
  66  7:15  Roach x3  
  76  7:25  Roach  
  76  7:26  Roach  
  80  7:31  Queen  
  80  7:32  Overlord  
  80  7:34  Overlord  
  82  7:37  Pneumatized Carapace  
  82  7:49  Drone, Extractor  
  82  7:51  Overlord, Extractor  
  81  7:52  Overlord  
  81  7:53  Overlord  
  81  7:54  Overlord x2  
  81  7:57  Overlord  
  81  8:05  Hydralisk x2  
  80  8:10  Ravager x4  
  80  8:11  Ravager  
  80  8:12  Hydralisk  
  89  8:14  Extractor  
  89  8:16  Extractor  
  89  8:17  Drone x3  
  92  8:24  Drone  
  92  8:25  Drone x4  
  92  8:26  Hydralisk  
  97  8:29  Hydralisk  
  97  8:32  Hydralisk  
  103  8:35  Hydralisk  
  103  8:37  Drone  
  103  8:41  Muscular Augments  
  106  8:48  Drone x2  
  108  8:51  Drone x2  
  110  8:57  Queen  
  112  9:09  Zerg Missile Weapons Level 2  
  112  9:14  Zerg Flyer Armor Level 1  
  112  9:18  Drone x4  
  116  9:26  Infestation Pit  
  100  9:51  Zergling x4  
  100  9:52  Zergling x32  
  127  10:23  Zergling x2  
  122  10:34  Pathogen Glands  
  115  10:39  Roach  
  115  10:40  Roach x5  
  121  10:56  Lurker Den, Hatchery  
  119  10:58  Overlord  
  119  10:59  Overlord  
  119  11:00  Hatchery  
  119  11:03  Overlord x4  
  118  11:26  Drone x3  
  118  11:28  Drone x4  
  118  11:29  Drone  
  126  11:36  Neural Parasite  
  126  11:40  Nydus Network  
  137  11:51  Zerg Ground Armor Level 2  
  137  11:53  Hive  
  137  11:54  Burrow  
  137  12:23  Hydralisk x5  
  137  12:26  Ravager  
  137  12:27  Lurker  
  137  12:28  Lurker  
  137  12:29  Lurker, Hydralisk x6  
  153  12:30  Hydralisk x16  
  195  12:39  Hydralisk  
  195  12:41  Roach  
  199  12:44  Overseer  
  194  13:06  Hydralisk x2  
  186  13:33  Overseer  
  174  13:36  Overseer  
  174  13:37  Overseer  
  174  13:41  Hydralisk x5  
  165  13:42  Hydralisk  
  165  13:43  Hydralisk  
  165  13:45  Lurker  
  165  13:46  Lurker  
  165  13:47  Lurker  
  181  14:05  Hydralisk x2  
  181  14:06  Hydralisk x3  
  186  14:45  Overlord x4  
  186  14:57  Overlord x2  
  186  14:58  Overlord  
  138  15:29  Overlord x4  
  138  15:31  Overseer  
  127  15:39  Hydralisk x8  
  143  15:43  Overseer  
  143  15:44  Overlord  
  143  15:46  Overlord  
  143  15:48  Overseer  
  143  15:49  Overseer  
  143  15:52  Hydralisk x3  
  143  15:53  Hydralisk x2  
  153  16:00  Lurker  
  153  16:01  Hydralisk x2  
  158  16:06  Hydralisk x2  
  162  16:14  Zergling x8  
  157  16:26  Hydralisk  
  157  16:27  Hydralisk x3  
  163  16:40  Overseer  
  163  16:45  Zergling x14  
  158  16:49  Zergling x2  
  158  16:50  Zergling x22  
  166  16:57  Zergling x14  
  173  17:06  Overseer x3  
  173  17:07  Overseer  
  164  17:09  Overlord  
  164  17:10  Overlord x4  
  164  17:13  Zergling x10  
  169  17:16  Adrenal Glands  
  169  17:17  Zerg Melee Weapons Level 1  
  169  17:18  Zerg Ground Armor Level 3  
  169  17:20  Greater Spire  
  169  17:22  Evolution Chamber  
  168  17:23  Tunneling Claws  
  168  17:24  Spire  
  168  17:25  Nydus Canal  
  141  17:39  Nydus Canal  
  131  17:46  Zergling x36  
  131  17:48  Zergling x6  
  145  17:58  Hydralisk  
  140  17:59  Hydralisk x4  
  144  18:06  Zergling x2  
  144  18:08  Corruptor x4  
  144  18:11  Corruptor  
  144  18:20  Extractor  
  144  18:22  Corruptor, Extractor  
  144  18:24  Extractor  
  144  18:26  Drone x3  
  136  18:46  Corruptor  
  136  18:47  Corruptor  
  138  18:48  Overlord  
  126  19:05  Zergling x16  
  134  19:10  Corruptor  
  135  19:18  Corruptor  
  129  19:27  Corruptor x2  
  133  19:37  Overseer  
  123  19:39  Overseer  
  123  19:41  Corruptor  
  123  19:42  Corruptor  
  127  19:49  Zergling x4  
  127  19:50  Zergling x4  
  131  19:55  Drone x3  
Show
View Real Time Build Order
Export as new Build Order

Juanette Terran 

Build Orders:  

Get SALT Encoding   

  12  0:20  SCV  
  13  0:23  Refinery  
  13  0:25  Refinery  
  13  0:32  SCV  
  13  0:34  Supply Depot  
  14  0:44  SCV  
  15  0:56  SCV  
  16  1:04  Barracks  
  16  1:10  SCV  
  17  1:22  SCV  
  18  1:34  SCV  
  19  1:51  Orbital Command  
  19  1:54  Factory  
  19  1:55  Barracks Tech Lab  
  19  2:19  SCV  
  20  2:25  Supply Depot  
  20  2:29  Marauder  
  22  2:31  SCV  
  23  2:39  Starport  
  23  2:46  Supply Depot  
  23  2:47  Widow Mine, SCV  
  26  2:59  SCV  
  26  3:01  Marauder  
  29  3:09  Widow Mine  
  29  3:11  SCV  
  32  3:20  Fusion Core  
  32  3:39  SCV  
  33  3:43  Widow Mine  
  35  3:51  SCV  
  36  3:58  Barracks Tech Lab, Command Center  
  36  4:03  SCV  
  37  4:20  Supply Depot  
  37  4:41  Battlecruiser  
  43  4:52  Widow Mine  
  43  4:54  Supply Depot  
  34  5:09  Marine  
  22  5:27  Marine  
  21  5:32  Factory Tech Lab  
  21  5:35  SCV  
  13  5:45  Marine  
  13  5:47  SCV  
  15  6:01  SCV  
  15  6:03  Marine  
  17  6:08  Orbital Command  
  17  6:13  SCV  
  18  6:25  SCV  
  19  6:26  Supply Depot  
  19  6:30  Widow Mine  
  15  6:37  SCV  
  16  6:40  SCV  
  17  6:49  SCV  
  17  6:52  Widow Mine, SCV  
  21  7:01  SCV  
  21  7:04  SCV  
  23  7:16  SCV  
  24  7:31  SCV  
  24  7:32  SCV  
  24  7:35  Widow Mine  
  28  7:42  Factory  
  28  7:43  SCV  
  28  7:44  Engineering Bay, SCV  
  30  7:55  SCV  
  30  7:56  SCV  
  32  8:08  SCV x2  
  34  8:14  Missile Turret  
  34  8:20  SCV x2  
  34  8:26  Missile Turret  
  36  8:28  Factory Reactor  
  36  8:31  Armory, Missile Turret  
  36  8:35  SCV  
  36  8:40  Widow Mine  
  39  8:47  SCV  
  40  8:49  Factory, SCV  
  41  9:01  Widow Mine, SCV  
  44  9:05  Supply Depot  
  39  9:41  Widow Mine x2, Siege Tank  
  39  9:42  Widow Mine  
  43  10:03  Widow Mine x3  
  42  10:24  Widow Mine x2  
  40  11:01  Factory Tech Lab  
  40  11:07  SCV  
  41  11:11  Refinery  
  41  11:14  Refinery  
  41  11:17  SCV  
  42  11:19  SCV  
  42  11:20  Factory Tech Lab  
  43  11:26  Infernal Pre-Igniter  
  43  11:29  Hellion x2, SCV  
  48  11:38  SCV  
  49  11:41  SCV  
  50  11:50  Hellion, SCV  
  50  11:51  Hellion  
  50  11:53  Hellion, Widow Mine, SCV  
  60  12:02  SCV  
  60  12:05  SCV  
  62  12:21  Supply Depot  
  62  12:23  SCV  
  62  12:24  SCV  
  62  12:25  Hellion, Widow Mine  
  62  12:26  Hellion  
  57  12:36  SCV  
  56  12:48  SCV  
  56  12:49  Hellion  
  56  12:50  Hellion, Siege Tank  
  53  12:52  Siege Tank  
  34  13:24  Siege Tank  
  35  13:54  Siege Tank  
  38  13:56  Siege Tank  
  41  14:07  SCV  
  42  14:12  Widow Mine  
  42  14:13  Widow Mine  
  45  14:19  SCV  
Show
View Real Time Build Order
Export as new Build Order

Sylar Terran 

Build Orders:  

Get SALT Encoding   

  12  0:01  SCV  
  13  0:17  SCV  
  14  0:21  Supply Depot  
  14  0:29  SCV  
  14  0:31  Refinery  
  15  0:43  SCV  
  15  0:49  Barracks  
  16  0:55  SCV  
  17  1:07  SCV  
  18  1:19  SCV  
  19  1:31  SCV  
  20  1:33  Engineering Bay  
  20  1:43  SCV  
  20  1:47  Barracks Reactor  
  21  1:52  Command Center  
  21  2:02  Orbital Command  
  21  2:11  Supply Depot  
  21  2:15  Refinery  
  21  2:32  SCV  
  22  2:44  Factory, SCV  
  22  2:47  Hi-Sec Auto Tracking  
  23  2:56  SCV  
  24  3:04  Orbital Command, Missile Turret  
  24  3:08  SCV  
  25  3:17  Marine  
  25  3:18  Marine  
  27  3:20  SCV  
  28  3:28  Starport  
  28  3:29  Factory Reactor  
  28  3:31  SCV  
  28  3:32  SCV  
  30  3:37  Refinery  
  30  3:43  SCV  
  30  3:44  SCV  
  30  3:48  Supply Depot  
  32  3:53  Refinery  
  33  3:55  SCV  
  33  3:57  SCV  
  33  3:59  Missile Turret  
  34  4:04  Missile Turret  
  34  4:07  SCV  
  34  4:09  SCV  
  36  4:15  Starport  
  36  4:18  Factory Tech Lab  
  36  4:19  SCV  
  36  4:21  SCV  
  36  4:32  SCV  
  36  4:36  Viking  
  36  4:37  Viking  
  36  4:38  Siege Tank  
  44  4:42  SCV  
  44  4:44  SCV  
  46  4:57  Starport Tech Lab  
  46  5:11  Missile Turret  
  46  5:31  Viking  
  46  5:33  SCV x2  
  46  5:35  Marine  
  46  5:36  Viking  
  46  5:40  Banshee, Marine, Siege Tank  
  46  5:42  Supply Depot x2  
  53  5:45  SCV  
  48  6:14  Viking x2  
  52  6:27  Cloaking Field  
  52  6:29  Banshee  
  52  6:32  Siege Tank  
  58  6:33  SCV x2  
  60  6:45  Supply Depot, SCV x2  
  60  6:46  Supply Depot  
  62  6:47  Supply Depot  
  62  6:52  Armory x2  
  62  7:02  Missile Turret x2  
  61  7:29  Missile Turret  
  61  7:34  Missile Turret  
  61  7:45  Terran Ship Weapons Level 1, Terran Vehicle And Ship Armor Level 1  
  61  7:50  Missile Turret  
  61  7:55  Missile Turret, Viking  
  61  7:57  Viking  
  65  8:01  Banshee  
  68  8:06  Hyperflight Rotors  
  68  8:13  Missile Turret  
  68  8:15  Missile Turret  
  68  8:32  Missile Turret  
  68  8:33  Missile Turret  
  68  8:36  SCV x2  
  68  8:37  Viking x2  
  68  8:39  Missile Turret  
  74  8:46  Banshee  
  74  8:48  SCV x2  
  79  8:54  Missile Turret  
  79  9:00  Missile Turret, SCV x2  
  81  9:07  Viking x2, Siege Tank  
  88  9:12  SCV x2  
  88  9:15  Missile Turret  
  90  9:21  Missile Turret  
  70  10:21  Banshee  
  70  10:27  Starport, Terran Ship Weapons Level 2, Terran Vehicle And Ship Armor Level 2  
  73  10:29  Viking x2  
  73  10:30  Starport  
  73  10:31  Starport  
  77  10:52  Supply Depot  
  77  10:53  Supply Depot  
  77  10:56  Supply Depot  
  77  10:58  Supply Depot  
  77  10:59  Supply Depot  
  77  11:10  Starport Tech Lab x3  
  77  11:43  Banshee x4  
  77  11:46  Viking, Command Center  
  91  11:47  Viking  
  93  12:04  Neosteel Armor  
  93  12:16  Viking  
  93  12:17  Viking  
  93  12:22  Missile Turret  
  87  13:41  Banshee  
  87  13:42  Banshee x3  
  87  13:44  Viking x2  
  103  14:01  Supply Depot  
  103  14:14  Viking  
  96  14:24  Banshee  
  96  14:25  Banshee x3, Supply Depot  
  98  15:13  Banshee  
  93  15:18  Banshee  
  88  15:22  Banshee  
  88  15:23  Banshee  
  82  15:40  Viking  
  84  15:56  Banshee  
  85  16:01  Banshee  
  86  16:05  Banshee  
  86  16:06  Banshee  
  89  16:29  Viking x2  
  93  16:39  Banshee  
  93  16:44  Banshee  
  93  16:58  Viking  
  94  17:02  Viking  
  94  17:27  Banshee  
  94  17:30  Banshee  
  94  17:41  Banshee  
  79  18:29  Command Center  
Tags
 
Add a new tag
Caveats
  • Supply blocks, unpowered buildings, or Contaminate may cause inaccurate times.
  • Supply counts are checked every 10 seconds.